 Dungeon Crawl Stone Soup version bcrawl-1.28.1b (webtiles) character file.

Game seed: 7944008328359967597

109831 Morbidden the Sneak (level 3, -4/22 HPs)
             Began as a Skeleton Sloth Apostle on Dec 16, 2020.
             Was a Follower of Cheibriados.
             Killed from afar by a sky beast (20 damage)
             ... with an exploding inner flame
             ... hexed by the player character
             ... on level 2 of the Dungeon.
             The game lasted 00:02:39 (1628 turns).

Morbidden the Sneak (Skeleton Sloth Apostle)        Turns: 1628, Time: 00:02:39

Health: -4/22      AC:  9    Str: 21    XL:     3   Next: 58%
Magic:  0/6        EV:  4    Int: 14    God:    Cheibriados [*.....]
Gold:   83         SH:  9    Dex: 11    Spells: 5/6 levels left

rFire    . . .     SeeInvis .   b - +0 hunting sling
rCold    + . .     Gourm    .   c - +0 medium shield
rNeg     + + +     Faith    .   f - +0 chain mail
rPois    ∞         Spirit   +   (no helmet)
rElec    .         Reflect  .   k - +0 cloak
rCorr    .         Harm     .   (no gloves)
MR       .....                  (no boots)
Stlth    ..........             g - amulet of the acrobat
HPRegen  0.07/turn              (no ring)
MPRegen  0.10/turn              (no ring)

@: very slow
A: no food or potions, cold resistance 1, deterioration 1, negative energy
resistance 3, torment resistance, unbreathing, magic shield, sturdy frame 1,
spell healing
a: Bend Time, Renounce Religion


You were on level 2 of the Dungeon.
You worshipped Cheibriados.
Cheibriados was aware of your devotion.
You were not hungry.

You visited 1 branch of the dungeon, and saw 3 of its levels.

You collected 83 gold pieces.

Inventory:

Hand Weapons
 a - a +0 mace
 b - a +0 hunting sling (weapon)
Missiles
 o - 682 sling bullets (quivered)
Armour
 c - a +0 medium shield (worn)
 f - a +0 chain mail (worn)
 k - a +0 cloak (worn)
Jewellery
 g - an amulet of the acrobat (around neck)
Wands
 d - a wand of paralysis (10)
 q - a wand of random effects (4)
Scrolls
 e - 3 scrolls of identify
 h - a scroll of teleportation {unknown}
 i - a scroll of immolation {unknown}
 j - a scroll of remove curse
 l - a scroll of enchant armour {unknown}
 m - a scroll of magic mapping {unknown}
 n - a scroll of blinking {unknown}
 p - a scroll of amnesia {unknown}


   Skills:
 * Level 2.5 Fighting
 * Level 3.3 Maces & Flails
 + Level 0.5 Armour
 * Level 0.7 Dodging
 + Level 4.1 Stealth
 + Level 2.5 Shields
 * Level 2.0 Spellcasting
 + Level 1.1 Hexes
 + Level 0.8 Evocations


You had 5 spell levels left.
You knew the following spells:

 Your Spells              Type           Power        Failure   Level  Hunger
a - Slow                  Hex            #.......     100%        1    N/A
Your spell library was empty.

Dungeon Overview and Level Annotations

Branches:
Dungeon (3/12)

Altars:


Innate Abilities, Weirdness & Mutations

You do not eat or drink.
You are immune to poison.
Your flesh is cold resistant. (rC+)
Your body sometimes deteriorates upon taking damage.
You are immune to negative energy. (rN+++)
You are immune to unholy pain and torment.
You can survive without breathing.
When hurt, damage is shared between your health and your magic reserves.
Your movements are slightly less encumbered by armour. (ER -2)
Casting spells heals you.


Message History

[Y]es or [N]o only, please.
Really attack while wielding your +0 hunting sling?
Okay, then.
Unknown command.
Evoke which item? (* to show all) (? for menu, Esc to quit)
Aiming: Random Effects
Press: ? - help, Shift-Dir - straight line The sky beast is unaffected.
The sky beast hits you but does no damage.
Unknown command.
No path to travel!
Evoke which item? (* to show all) (? for menu, Esc to quit)
Aiming: Random Effects
Press: ? - help, Shift-Dir - straight line, f - sky beast
Aim: a sky beast (almost dead, lightly drained, inner flame)
The mass of ice explodes!
The iceblast engulfs the sky beast!
The sky beast explodes!
The fiery explosion engulfs you!!
Ouch! That really hurt!
You die...

#.............#
#############.####
#....########### #######
#......).......#
.)....#######....#######.#.#
#####..!.........# #.#.# #
#.#.####...#.# #.#.# #
#.!.###......# #.#.# #
#.####.....§@##### #.#.#
#####.# #.....§§§.%.# #.#.#
......# #.....§§#.#.# #.#.#
##.#### ##.......#..# #.#.##
#.#########...#.###.###.#..#
#............#.## ##.##.##.#
#############.## ##...##.#
##.## ##.#####.# ##.###.##
#.#


There were no monsters in sight!

Vanquished Creatures
  3 dart slugs
  2 ball pythons
  6 bats
  3 giant cockroaches
  7 goblins
  6 hobgoblins
  8 kobolds
  3 frilled lizards (D:1)
  2 rats
40 creatures vanquished.

Notes
Turn   | Place    | Note
-------+----------+-------------------------------------------
     0 | D:1      | Morbidden the Skeleton Sloth Apostle began the quest for
                  | the Orb.
     0 | D:1      | Reached XP level 1. HP: 12/12 MP: 3/3
   218 | D:1      | Reached XP level 2. HP: 17/17 MP: 4/4
   230 | D:1      | Reached skill level 4 in Stealth
   605 | D:1      | Reached * piety under Cheibriados
   713 | D:1      | Reached XP level 3. HP: 20/22 MP: 5/5
  1611 | D:3      | Noticed a sky beast
  1628 | D:2      | Killed a sky beast
  1628 | D:2      | Killed from afar by a sky beast

Skill      XL: |  1  2  3 |
---------------+----------+-----
Stealth        | 4 |  4.1
Maces & Flails | 3 |  3.3
Spellcasting   | 2 |  2.0
Fighting       | |  2.5
Armour         | |  0.5
Dodging        | |  0.7
Shields        | |  2.5
Hexes          | |  1.1
Evocations     | |  0.8

Action                   || total
-------------------------++-------
Melee: Mace              ||   141
 Fire: Hunting sling     ||     5
Evoke: Wand              ||     5
  Use: Scroll            ||     1
Armor: Robe              ||     9
       Chain mail        ||    69
Dodge: Dodged            ||    26
Block: Medium shield     ||    65
